 Dungeon Crawl Stone Soup version 0.23-a0-79-gaa8cc03 (webtiles) character file.

26 rickyfort the Skirmisher (level 2, -7/27 HPs)
             Began as a Minotaur Monk on Aug 11, 2018.
             Killed from afar by a giant cockroach (34 damage)
             ... with an exploding inner flame
             ... hexed by the player character
             ... on level 1 of the Dungeon.
             The game lasted 00:01:35 (1079 turns).

rickyfort the Skirmisher (Minotaur Monk)            Turns: 1079, Time: 00:01:35

Health: -7/27      AC:  2    Str: 15    XL:     2   Next: 89%
Magic:  1/1        EV:  7    Int:  7    God:
Gold:   46         SH:  0    Dex: 12    Spells: 1/1 levels left

rFire    . . .     SeeInvis .   a - +0 mace
rCold    . . .     Gourm    .   (no shield)
rNeg     . . .     Faith    .   b - +0 robe
rPois    .         Spirit   .   (helmet restricted)
rElec    .         Reflect  .   (no cloak)
rCorr    .         Harm     .   (no gloves)
MR       .....                  (no boots)
Stlth    +++.......             (no amulet)
HPRegen  0.09/turn              d - -6 ring of evasion (curse)
MPRegen  0.07/turn              f - ring of stealth

@: no status effects
A: retaliatory headbutt, horns 2
a: no special abilities


You were on level 1 of the Dungeon.
You were not hungry.

You visited 1 branch of the dungeon, and saw 1 of its levels.

You collected 46 gold pieces.

Inventory:

Hand Weapons
 a - a +0 mace (weapon)
Armour
 b - a +0 robe (worn)
Jewellery
 d - a cursed -6 ring of evasion (left hand)
 f - a ring of stealth (right hand)
Comestibles
 c - 2 rations


   Skills:
 + Level 4.1 Fighting
 + Level 4.0 Maces & Flails
 + Level 3.7 Dodging
 + Level 1.7 Stealth


You had one spell level left.
You didn't know any spells.
Your spell library was empty.

Dungeon Overview and Level Annotations

Branches:
Dungeon (1/15)

Altars:
Cheibriados


Innate Abilities, Weirdness & Mutations

You reflexively headbutt those who attack you in melee.
You have a pair of horns on your head.


Message History

You open the door.
There is an open door here.
A giant cockroach comes into view.
As you read the scroll labeled ZAQ TITSIUFU, it crumbles to dust.
The creatures around you are filled with an inner flame!
It was a scroll of immolation.
As you read the scroll labeled DYJIYW SEOC NOURIE, it crumbles to dust.
It is a scroll of identify.
f - an uncursed ring of stealth Put on which piece of jewellery? (? for menu, Esc to quit)
f - a ring of stealth (right hand)
The helpless giant cockroach fails to defend itself.
You hit the giant cockroach.
The giant cockroach is severely wounded.
The giant cockroach bites you but does no damage.
You hit the giant cockroach.
The giant cockroach explodes!
The fiery explosion engulfs you!
Ouch! That really hurt!
You die...

#.#.##..............##...
#.#.#######'##########...
#. .........# #...
........# #... #######.#
#... #.# #... #.# #...
#.########.# #...
#....ยง.@...# #...
############ #... #...
#... ... .. ##


There were no monsters in sight!

Vanquished Creatures
  2 oozes (D:1)
  A bat (D:1)
  A giant cockroach (D:1)
  2 goblins (D:1)
  A hobgoblin (D:1)
  5 kobolds (D:1)
  A ball python (D:1)
  A frilled lizard (D:1)
  3 rats (D:1)
17 creatures vanquished.

Notes
Turn   | Place    | Note
-------+----------+-------------------------------------------
     0 | D:1      | rickyfort the Minotaur Monk began the quest for the Orb.
     0 | D:1      | Reached XP level 1. HP: 19/19 MP: 0/0
   116 | D:1      | Reached XP level 2. HP: 18/27 MP: 1/1
   415 | D:1      | Found a snail-covered altar of Cheibriados.
  1079 | D:1      | Killed from afar by a giant cockroach

Vault maps used:
D:1:      erik_arrival_gehennom, cheibriados_altar_1

Skill      XL: |  1  2 |
---------------+-------+-----
Fighting       | 4 |  4.1
Maces & Flails | 4 |  4.0
Dodging        | |  3.7
Stealth        | |  1.7

Action                   || total
-------------------------++-------
Melee: Mace              ||    30
       Headbutt          ||     3
  Use: Scroll            ||     2
 Stab: Sleeping          ||     3
Armor: Robe              ||     6
Dodge: Dodged            ||    13

Table legend:
 A = Non-vault XP
 B = Vault XP
 C = Vault XP percentage of total XP
 D = Non-vault monster count
 E = Vault monster count
 F = Vault count percentage of total count
 G = Total turns spent on level
                 A         B        C        D         E       F
            +---------+---------+-------+---------+---------+-------
      Total |      19 |      19 |  50.0 |      12 |       5 |  29.4
            +---------+---------+-------+---------+---------+-------
        D:1 |      19 |      19 |  50.0 |      12 |       5 |  29.4
            +---------+---------+-------+---------+---------+-------
